 Dungeon Crawl Stone Soup version 0.24-a0-619-gb7544fd237 (webtiles) character file.

Game seed: 17105587749743715921, levelgen mode: deterministic

13039 Engwar the Grappler (level 11, -1/102 HPs)
             Began as a Troll Monk on Sept 18, 2019.
             Was an Elder of Ashenzari.
             Slain by a green death (17 damage)
             ... on level 3 of the Abyss.
             The game lasted 00:56:15 (11204 turns).

Engwar the Grappler (Troll Monk)                   Turns: 11204, Time: 00:56:16

Health: -1/102     AC: 14    Str: 23      XL:     11   Next: 70%
Magic:  10/10      EV: 13    Int:  7      God:    Ashenzari [****..]
Gold:   927        SH:  0    Dex: 10 (12) Spells: 1/10 levels left

rFire    + . .     SeeInvis +     - Unarmed
rCold    + . .     Gourm    +   (no shield)
rNeg     . . .     Faith    .   a - +0 troll leather armour (curse)
rPois    +         Spirit   .   D - +2 hat (curse)
rElec    +         Reflect  .   k - +2 cloak (curse)
rCorr    +         Harm     .   (gloves unavailable)
MR       .....     Clarity  +   (boots unavailable)
Stlth    +++.......             (no amulet)
HPRegen  1.07/turn              B - ring of stealth (curse)
MPRegen  0.12/turn              A - ring of wizardry (curse)

@: about to teleport, resistant
A: large, unfitting armour, claws 3, fast metabolism 3, gourmand, regeneration
1, shaggy fur 1, tough skin 3, [subdued magic 3]
a: Curse Item, Scrying, Renounce Religion


You were on level 3 of the Abyss.
You worshipped Ashenzari.
Ashenzari was greatly pleased with you.
You were not hungry.

You visited 2 branches of the dungeon, and saw 12 of its levels.
You visited the Abyss 1 time.
You also visited: Bailey.

You collected 1148 gold pieces.
You spent 221 gold pieces at shops.

Inventory:

Missiles
 u - 50 poisoned darts
 x - 2 datura-tipped darts
 E - 5 javelins (quivered)
 F - 15 atropa-tipped darts
Armour
 a - a cursed +0 troll leather armour (worn)
 k - a cursed +2 cloak (worn)
 D - a cursed +2 hat (worn)
 I - the +1 robe "Yrreunab" {rN+++ Str-2 Int+8 Stlth-}
   (You found it on level 2 of the Abyss)

   It affects your strength (-2).
   It affects your intelligence (+8).
   It renders you almost immune to negative energy.
   It makes you less stealthy.
Jewellery
 l - an uncursed ring of flight
 m - a +3 ring of evasion
 A - a cursed ring of wizardry (right claw)
 B - a cursed ring of stealth (left claw)
 K - an uncursed amulet of regeneration
Wands
 f - a wand of enslavement (5)
 o - a wand of iceblast (11)
 p - a wand of digging (2)
 r - a wand of acid (4)
 t - a wand of flame (30)
 G - a wand of clouds (4)
 J - a wand of random effects (33)
Scrolls
 d - a scroll of amnesia {unknown}
 i - 2 scrolls of teleportation
 n - a scroll of vulnerability {unknown}
 s - 3 scrolls of fog
 y - 2 scrolls of random uselessness {unknown}
 z - 2 scrolls of immolation {unknown}
 H - 2 scrolls of enchant weapon
Potions
 c - 2 potions of ambrosia
 e - a potion of flight
 g - 2 potions of magic
 h - 3 potions of brilliance
 j - 3 potions of mutation
 q - 2 potions of might
 v - a potion of resistance
 C - a potion of berserk rage {unknown}
 L - a potion of haste
Comestibles
 b - 23 rations


   Skills:
 - Level 5.0 Fighting
 - Level 5.2 Armour
 - Level 5.0(8.4) Dodging
 - Level 1.0(3.0) Stealth
 + Level 14.8 Unarmed Combat
 - Level 2.0(3.7) Hexes
 - Level 2.0(3.7) Charms
 - Level 2.0(3.7) Translocations


You had one spell level left.
You knew the following spells:

 Your Spells              Type           Power        Failure   Level  Hunger
a - Confusing Touch       Hex            #.....       2%          1    ##.....
b - Confuse               Hex            #.......     9%          3    ####...
c - Shroud of Golubria    Chrm/Tloc      #.....       4%          2    ###....
d - Regeneration          Chrm/Necr      #.........   19%         3    ####...

Your spell library contained the following spells:

 Spells                   Type           Power        Failure   Level  Hunger
 Infusion                 Chrm           #...         2%          1    ##.....
 Magic Dart               Conj           #...         12%         1    ##.....
 Summon Small Mammal      Summ           #...         12%         1    ##.....
 Song of Slaying          Chrm           #.......     4%          2    ###....
 Gell's Gravitas          Tloc           #.........   9%          3    ####...
 Spectral Weapon          Hex/Chrm       #.......     9%          3    ####...
 Call Imp                 Summ           #.......     19%         2    ###....
 Searing Ray              Conj           #.....       19%         2    ###....
 Dazzling Spray           Conj/Hex       #.....       19%         3    ####...
 Summon Guardian Golem    Hex/Summ       #.......     19%         3    ####...
 Call Canine Familiar     Summ           #.......     36%         3    ####...
 Force Lance              Conj/Tloc      #.......     52%         4    #####..
 Fulminant Prism          Conj/Hex       #.........   52%         4    #####..
 Iskenderun's Mystic Bla  Conj           #.......     78%         4    #####..
 Petrify                  Tmut/Erth      #.......     78%         4    #####..
 Summon Ice Beast         Ice/Summ       #.......     78%         4    #####..
 Summon Lightning Spire   Summ/Air       #.......     78%         4    #####..
 Metabolic Englaciation   Hex/Ice        #.........   86%         5    ######.
 Yara's Violent Unravell  Hex/Tmut       #.........   86%         5    ######.


Dungeon Overview and Level Annotations

Branches:
Dungeon (11/15)            Temple (1/1) D:5            Lair (0/6) D:11
 Bailey (visited)
    Orc: D:9-12

Altars:
Ashenzari
Cheibriados
Dithmenos
Gozag
Kikubaaqudgha
Makhleb
Nemelex Xobeh
Qazlal
Sif Muna
Trog
Uskayaw
Wu Jian
Xom
The Shining One

Shops:
D:4 ?

Annotations:
D:6 3 runed translucent doors, losten's ghost, novice DsFi
D:11 Sonja


Innate Abilities, Weirdness & Mutations

You are too large for most types of armour.
You have claws for hands.
Your metabolism is lightning-fast.
You like to eat raw meat.
Your natural rate of healing is unusually fast.
You are covered in fur. (AC +1)
You have extremely tough skin. (AC +3)
[Your spells are much easier to cast, but much less powerful.]


Message History

* * * LOW HITPOINT WARNING * * *
The spatial vortex hits you!!
* * * LOW HITPOINT WARNING * * *
Space bends around you.
* * * LOW HITPOINT WARNING * * *
Unknown command.
Unknown command.
You feel better. The quasit closely misses you.
The quasit claws you but does no damage. x2
The green death gestures at you. The blast of poison engulfs you. You resist.
* * * LOW HITPOINT WARNING * * *
Unknown command.
Unknown command.
Unknown command.
Unknown command.
You feel better. The quasit barely misses you. x2
The quasit claws you but does no damage.
The green death hits you!
You die...

*,, ,*, , * ,* , +
, , ,, * *,* , ,,
,, ,, .##..*..#
...,* ** ,,,, * *
. ....{...##.. ,
,,*
,,#*.#.##.#.§{. ..
, * , , , ,
.....#{#,.#.E.# .
* , ,..#....,.#
..##.. ** * ,
,**.,#...######.##
..*** ,
*..##..☼5@E#... .#
* *, * * ,
.....☼§☼2v..#*#
**** ,
*,,,*#.#.v.#..#..#
,** , * ,,,
#..#..#.##v## * ,*
,* * .#......#{.#*
* ,
***...#.#..#.{.# *
,,, ,** ,
,,.,.#... #.....*
, * ** ,,,,
,,.#.##..#...#.*
,** , ,,,*,,,...
.. .# #..* *,* *


You could see a green death, 2 spatial vortices, an earth elemental and a
quasit.

Vanquished Creatures
  A two-headed ogre (D:9)
  A thrashing horror (Abyss:2)
  A spatial maelstrom (Abyss:3)
  A manticore (D:11)
  A hellion (Abyss:2)
  An ancient zyme (Abyss:2)
  A troll (D:9)
  2 polar bears (D:8)
  Grinder (D:5)
  3 hippogriffs
  3 yaks (D:11)
  Sigmund (D:5)
  4 starcursed masses (Abyss:2)
  A wraith (D:10)
  A basilisk (D:11)
  A large abomination (Abyss:2)
  Menkaure (D:6)
  A soldier ant (D:11)
  Duvessa (D:7)
  3 porcupines (D:11)
  2 orc warriors
  A necrophage (D:5)
  2 ice beasts
  2 sky beasts (D:10)
  2 black bears
  3 phantoms
  6 ogres
  7 centaurs
  4 wolves (D:11)
  A crocodile (D:11)
  A big kobold (D:9)
  6 bullfrogs
  Blork the orc (D:5)
  8 gnoll sergeants (Bailey)
  A small abomination (Abyss:2)
  5 scorpions
  Dowan (D:7)
  12 killer bees
  3 wights (D:8)
  2 centaur zombies
  5 crimson imps
  7 hounds
  5 jellies
  2 bullfrog skeletons
  6 orc wizards
  6 gnoll shamans (Bailey)
  2 orc priests
  2 centaur skeletons
  Natasha (thrice) (D:3)
  2 iguanas (D:9)
  9 worker ants
  2 killer bee zombies
  A bullfrog simulacrum (D:8)
  3 hound zombies
  A hound skeleton (D:8)
  Robin (D:2)
  A worker ant zombie (D:7)
  10 adders
  14 gnolls (Bailey)
  A howler monkey skeleton (D:9)
  4 shadow imps
  2 white imps (D:8)
  A worker ant simulacrum (D:8)
  2 adder skeletons (D:4)
  3 worms
  2 dart slugs
  5 leopard geckos
  22 orcs
  2 ball pythons (D:1)
  3 bats
  5 giant cockroaches
  23 goblins
  6 hobgoblins
  6 jackals
  12 kobolds
  6 quokkas
  12 frilled lizards
  A quokka skeleton (D:9)
  9 rats
309 creatures vanquished.

Vanquished Creatures (others)
  A fungus (D:11)
  2 starspawn tentacles (Abyss:3)
3 creatures vanquished.

Grand Total: 312 creatures vanquished

Notes
Turn   | Place    | Note
-------+----------+-------------------------------------------
     0 | D:1      | Engwar the Troll Monk began the quest for the Orb.
     0 | D:1      | Reached XP level 1. HP: 22/22 MP: 0/0
   326 | D:1      | Reached XP level 2. HP: 29/29 MP: 1/1
   610 | D:1      | Reached skill level 4 in Unarmed Combat
   944 | D:2      | Noticed Robin
   951 | D:2      | Reached XP level 3. HP: 30/36 MP: 2/2
   965 | D:2      | Killed Robin
  1164 | D:2      | Reached XP level 4. HP: 43/44 MP: 3/3
  1196 | D:2      | Reached skill level 5 in Unarmed Combat
  1458 | D:2      | Found an opulent altar of Gozag.
  1748 | D:3      | Noticed Natasha
  1760 | D:3      | Killed Natasha
  1893 | D:3      | Noticed an ogre
  1931 | D:3      | Reached XP level 5. HP: 37/50 MP: 4/4
  1958 | D:3      | Killed an ogre
  1958 | D:3      | Reached skill level 6 in Unarmed Combat
  2180 | D:3      | Noticed Natasha
  2183 | D:3      | Killed Natasha
  2300 | D:3      | Noticed Natasha
  2305 | D:3      | Killed Natasha
  2305 | D:3      | Reached XP level 6. HP: 59/59 MP: 5/5
  2364 | D:3      | Reached skill level 7 in Unarmed Combat
  2816 | D:4      | Reached skill level 8 in Unarmed Combat
  2816 | D:4      | Reached XP level 7. HP: 54/66 MP: 6/6
  3021 | D:4      | Found Ufroruza's Magic Scroll Emporium.
  3030 | D:4      | Bought a scroll of identify for 26 gold pieces
  3444 | D:5      | Entered Level 5 of the Dungeon
  3454 | D:5      | Noticed Blork the orc
  3462 | D:5      | Noticed Grinder
  3503 | D:5      | Killed Grinder
  3503 | D:5      | Reached skill level 9 in Unarmed Combat
  3503 | D:5      | Reached XP level 8. HP: 78/78 MP: 7/7
  3640 | D:5      | Learned a level 1 spell: Confusing Touch
  3644 | D:5      | Learned a level 3 spell: Confuse
  3737 | D:6      | Found a shadowy altar of Dithmenos.
  3737 | D:6      | Found a sparkling altar of Nemelex Xobeh.
  3794 | D:6      | Found a stormy altar of Qazlal.
  3805 | D:6      | Found a snail-covered altar of Cheibriados.
  3805 | D:6      | Found an opulent altar of Gozag.
  3865 | D:6      | Found a runed translucent gate.
  3961 | D:5      | Reached skill level 5 in Fighting
  4004 | D:5      | Killed Blork the orc
  4108 | D:5      | Noticed Sigmund
  4117 | D:5      | Killed Sigmund
  4117 | D:5      | Reached skill level 10 in Unarmed Combat
  4212 | D:5      | Found a staircase to the Ecumenical Temple.
  4219 | Temple   | Entered the Ecumenical Temple
  4241 | Temple   | Became a worshipper of Ashenzari the Shackled
  4241 | Temple   | Reached * piety under Ashenzari
  4241 | Temple   | Reached ** piety under Ashenzari
  4446 | D:5      | Noticed a hippogriff
  4451 | D:5      | Killed a hippogriff
  4497 | D:6      | Found a runed translucent gate.
  4498 | D:6      | Identified the +4 dagger of Chagrin {drain, rC+}
  4498 | D:6      | Noticed losten's ghost (novice DsFi)
  4499 | D:6      | Found a runed translucent gate.
  4538 | D:6      | Reached XP level 9. HP: 88/88 MP: 8/8
  4681 | D:6      | Noticed Menkaure
  4699 | D:6      | Killed Menkaure
  4699 | D:6      | Reached skill level 11 in Unarmed Combat
  5398 | D:7      | Noticed Dowan
  5401 | D:7      | Noticed Duvessa
  5405 | D:7      | Killed Dowan
  5424 | D:7      | Killed Duvessa
  5536 | D:7      | Learned a level 2 spell: Shroud of Golubria
  5608 | D:7      | Reached skill level 12 in Unarmed Combat
  5608 | D:7      | Reached skill level 1 in Hexes
  5971 | D:8      | Found a burning altar of Makhleb.
  6211 | D:8      | Reached skill level 1 in Charms
  6222 | D:8      | Found a flagged portal.
  6235 | Bailey   | Entered a bailey
  6564 | Bailey   | Reached XP level 10. HP: 96/96 MP: 9/9
  6764 | Bailey   | Reached skill level 1 in Translocations
  7249 | D:8      | Reached *** piety under Ashenzari
  7250 | D:8      | Found a stormy altar of Qazlal.
  7442 | D:8      | Reached skill level 13 in Unarmed Combat
  8546 | D:9      | Noticed a two-headed ogre
  8567 | D:9      | Killed a two-headed ogre
  8719 | D:9      | Reached skill level 5 in Dodging
  8893 | D:4      | Bought a scroll of remove curse for 39 gold pieces
  8893 | D:4      | Bought 3 scrolls of remove curse for 117 gold pieces
  8893 | D:4      | Bought a scroll of remove curse for 39 gold pieces
  9054 | D:10     | Entered Level 10 of the Dungeon
  9249 | D:10     | Learned a level 3 spell: Regeneration
  9414 | D:10     | Reached skill level 1 in Armour
  9527 | D:10     | Reached XP level 11. HP: 95/102 MP: 10/10
  9684 | D:10     | Reached **** piety under Ashenzari
 10093 | D:11     | Reached skill level 14 in Unarmed Combat
 10245 | D:11     | Found a staircase to the Lair.
 10464 | D:11     | Noticed Sonja
 10474 | D:11     | Cast into level 2 of the Abyss (Sonja)
 10474 | Abyss:2  | Found a corrupted altar of Lugonu.
 10480 | Abyss:2  | Identified the +1 robe "Yrreunab" {rN+++ Str-2 Int+8
                  | Stlth-}
 10585 | Abyss:2  | Noticed a thrashing horror
 10604 | Abyss:2  | Killed a thrashing horror
 10669 | Abyss:2  | Noticed a wretched star
 10680 | Abyss:2  | Noticed a hell knight
 10680 | Abyss:2  | Noticed a hell knight
 10681 | Abyss:2  | Noticed a hell knight
 10682 | Abyss:2  | Noticed a hell knight
 10690 | Abyss:2  | Noticed a hell hog
 10745 | Abyss:2  | Found a corrupted altar of Lugonu.
 10778 | Abyss:2  | Found a corrupted altar of Lugonu.
 10905 | Abyss:2  | Noticed a starcursed mass
 10921 | Abyss:2  | Killed a starcursed mass
 10926 | Abyss:2  | Killed a starcursed mass
 10940 | Abyss:2  | Killed a starcursed mass
 10966 | Abyss:2  | Noticed a starcursed mass
 10976 | Abyss:2  | Noticed a sun demon
 11044 | Abyss:2  | Noticed a tentacled starspawn
 11073 | Abyss:3  | Found a corrupted altar of Lugonu.
 11073 | Abyss:3  | Noticed a wretched star
 11073 | Abyss:3  | Noticed a tentacled starspawn
 11073 | Abyss:3  | Noticed a wretched star
 11073 | Abyss:3  | Noticed a tentacled starspawn
 11074 | Abyss:3  | Noticed a death drake
 11074 | Abyss:3  | Noticed a cacodemon
 11089 | Abyss:3  | Found a corrupted altar of Lugonu.
 11191 | Abyss:3  | Noticed a green death
 11191 | Abyss:3  | Noticed a spatial maelstrom
 11202 | Abyss:3  | Killed a spatial maelstrom
 11202 | Abyss:3  | Reached skill level 5 in Armour
 11202 | Abyss:3  | HP: 4/102 [spatial vortex[a spatial maelstrom] (2)]
 11204 | Abyss:3  | Slain by a green death

Levels and vault maps discovered:
D:1:      dpeg_arrival_chase, layout_loops_corners
D:2:      layout_basic, fountainhead, chequers_serial_rivers_micro_a,
          grunt_gozag_statues, uniq_robin
D:3:      layout_loops_cross, uniq_natasha
D:4:      layout_loops_cross, first_ration, serial_shops, shop_fountains,
          minmay_bent
D:5:      layout_basic, minmay_temple_entry_enclosed_plants, uniq_blork_the_orc,
          uniq_grinder, uniq_sigmund
D:6:      layout_basic, minitemple, gammafunk_ghost_nasty_kobolds, uniq_menkaure
D:7:      layout_basic, kennysheep_generic_room_16, uniq_duvessa
D:8:      mumra_celtic_spiral_tile, layout_loops_corners, makhleb_grotto_becter,
          basic_altar, serial_ice, serial_ice_o, serial_ice_l, serial_ice_d,
          serial_ice_h, enter_bailey_3
D:9:      layout_roguey
D:10:     minmay_general_purpose_star, layout_cave_pods
D:11:     layout_roguey, minmay_lair_entry_grove, st_stairs_13,
          hangedman_pestilent_swarm, uniq_sonja
Temple:   nicolae_temple_elliptical
Abyss:3:  gammafunk_corrupted_shrine,
          dshaligram_kb_abyss_rune_zappy_water_cross, hangedman_abyss_shoalhut,
          hangedman_abyss_rune_macabre_mess, abyss_exit_lava,
          evilmike_abyss_exit_1, evilmike_nicolae_abyss_rune_betentacled_crabyss

Skill      XL: |  1  2  3  4  5  6  7  8  9 10 11 |
---------------+----------------------------------+-----
Unarmed Combat | 4 5 6 8 9 10 12 13 14 | 14.8
Fighting       | 4 5 |  5.0
Hexes          | 2 |  2.0
Charms         | 2 |  2.0
Translocations | 2 |  2.0
Dodging        | 5 |  5.0
Armour         | 1 5 |  5.2
Stealth        | |  1.0

Action                   |  1- 3 |  4- 6 |  7- 9 | 10-12 || total
-------------------------+-------+-------+-------+-------++-------
Melee: Unarmed           |    93 |   142 |   285 |   397 ||   917
       Punch             |     3 |     2 |     9 |    26 ||    40
Throw: Stone             |       |       |     6 |       ||     6
       Javelin           |       |       |       |     8 ||     8
       Dart              |       |       |       |     1 ||     1
 Cast: Shroud of Golubri |       |       |       |     5 ||     5
       Regeneration      |       |       |       |     6 ||     6
Invok: Curse Item        |       |       |     1 |     5 ||     6
  Use: Scroll            |       |     5 |     6 |    17 ||    28
       Potion            |       |       |     5 |     8 ||    13
 Stab: Sleeping          |     1 |     2 |     2 |     4 ||     9
       Distracted        |       |       |       |     1 ||     1
  Eat: Chunk             |    16 |    15 |    34 |    37 ||   102
Armor: Robe              |    35 |    50 |    93 |    60 ||   238
       Troll leather arm |       |       |       |    97 ||    97
Dodge: Dodged            |    42 |    60 |   130 |   217 ||   449

Table legend:
 A = Non-vault XP
 B = Vault XP
 C = Vault XP percentage of total XP
 D = Non-vault monster count
 E = Vault monster count
 F = Vault count percentage of total count
                 A         B        C        D         E       F
            +---------+---------+-------+---------+---------+-------
      Total |   13635 |    4993 |  26.8 |     229 |      80 |  25.9
            +---------+---------+-------+---------+---------+-------
        D:1 |      35 |       0 |   0.0 |      21 |       0 |   0.0
        D:2 |      48 |      36 |  42.9 |      15 |      12 |  44.4
        D:3 |     292 |      35 |  10.7 |      38 |       1 |   2.6
        D:4 |     739 |      50 |   6.3 |      24 |       3 |  11.1
        D:5 |     793 |     599 |  43.0 |      19 |       3 |  13.6
        D:6 |     280 |     172 |  38.1 |       7 |       1 |  12.5
        D:7 |     888 |     225 |  20.2 |      10 |       3 |  23.1
        D:8 |    1408 |     718 |  33.8 |      22 |      11 |  33.3
        D:9 |    2527 |       0 |   0.0 |      31 |       0 |   0.0
       D:10 |     716 |     358 |  33.3 |      10 |       3 |  23.1
       D:11 |    2478 |    1572 |  38.8 |      22 |      13 |  37.1
    Abyss:2 |    2652 |       0 |   0.0 |       9 |       0 |   0.0
    Abyss:3 |     779 |       0 |   0.0 |       1 |       0 |   0.0
     Bailey |       0 |    1228 | 100.0 |       0 |      30 | 100.0
            +---------+---------+-------+---------+---------+-------
